 Dungeon Crawl Stone Soup version 0.22.0-13-g43fe8f2 (console) character file.

29 nht the Chopper (level 3, -1/27 HPs)
             Began as a Demonspawn Skald on Aug 16, 2018.
             Slain by a sky beast (6 damage)
             ... on level 2 of the Dungeon.
             The game lasted 00:01:36 (1383 turns).

nht the Chopper (Demonspawn Skald)                  Turns: 1383, Time: 00:01:37

Health: -1/27      AC:  3    Str: 11    XL:     3   Next: 1%
Magic:  4/6        EV: 11    Int: 15    God:
Gold:   81         SH:  0    Dex: 12    Spells: 5/6 levels left

rFire    + . .     SeeInvis .   a - +0 hand axe
rCold    . . .     Gourm    .   (no shield)
rNeg     . . .     Faith    .   b - +0 leather armour
rPois    .         Spirit   .   (no helmet)
rElec    .         Reflect  .   (no cloak)
rCorr    .         Harm     .   (no gloves)
MR       .....                  (no boots)
Stlth    +.........             (no amulet)
HPRegen  0.09/turn              (no ring)
MPRegen  0.10/turn              (no ring)

@: infused
A: fire resistance 1
a: no special abilities


You were on level 2 of the Dungeon.
You were not hungry.

You visited 1 branch of the dungeon, and saw 2 of its levels.

You collected 81 gold pieces.

Inventory:

Hand Weapons
 a - a +0 hand axe (weapon)
Armour
 b - a +0 leather armour (worn)
Jewellery
 m - a cursed amulet of inaccuracy {unknown}
Scrolls
 c - 2 scrolls of remove curse {unknown}
 e - 2 scrolls of identify {unknown}
 f - a scroll of fog {unknown}
 h - a scroll of enchant armour {unknown}
 i - 3 scrolls of teleportation {unknown}
 j - a scroll of random uselessness {unknown}
Potions
 k - 2 potions of heal wounds {unknown}
 l - a potion of curing {unknown}
Comestibles
 d - 3 rations
 g - 2 chunks of flesh


   Skills:
 - Level 2.0 Fighting
 + Level 3.2 Axes
 - Level 0.8 Armour
 - Level 1.7 Dodging
 - Level 2.0 Spellcasting
 - Level 2.6 Charms


You had 5 spell levels left.
You knew the following spells:

 Your Spells              Type           Power        Failure   Level  Hunger
a - Infusion              Chrm           #...         10%         1    #......

Your spell library contained the following spells:

 Spells                   Type           Power        Failure   Level  Hunger
 Regeneration             Chrm/Necr      #.........   45%         3    ###....
 Shroud of Golubria       Chrm/Tloc      #.........   26%         2    ###....
 Song of Slaying          Chrm           #.......     14%         2    ###....
 Spectral Weapon          Hex/Chrm       #.......     45%         3    ###....


Dungeon Overview and Level Annotations

Branches:
Dungeon (2/15)

Altars:


Innate Abilities, Weirdness & Mutations

Your flesh is heat resistant. (rF+)


Message History

A sky beast comes into view.
The sky beast moves out of view.
The sky beast is too close now for your liking.
Casting: Infusion (safe; 10% risk of failure)
Confirm with . or Enter, or press ? or * to list all spells.
You begin infusing your attacks with magical energy.
The sky beast closely misses you.
You hit the sky beast but do no damage. The sky beast barely misses you.
You hit the sky beast!
The sky beast is moderately wounded.
The sky beast hits you. The sky beast shocks you.
You closely miss the sky beast.
The sky beast is moderately wounded.
The sky beast hits you. The sky beast shocks you.
You closely miss the sky beast.
The sky beast is moderately wounded.
The sky beast hits you.
* * * LOW HITPOINT WARNING * * *
The sky beast shocks you.
You die... ███ █ ███████████

█.. .█
..<█......█
█.███.█
██.█.████.█
██.....███
........█.█
█.........
██.█.██.█.█
█..Y...█
...█.██.█.█
█.@███.█
████......█
█......█ █
████.███
█.██████ .█
█.█ █.█ ██
████.█ █.█
█ █....█
█.█ █.████
█.████ █.█
█....█
██.██
████.██


You could see a sky beast.

Vanquished Creatures
  A worm (D:2)
  A dart slug (D:1)
  5 bats
  2 giant cockroaches
  A goblin (D:2)
  4 hobgoblins
  2 kobolds (D:2)
  A ball python (D:2)
  2 frilled lizards
  A leopard gecko skeleton (D:2)
  4 rats
24 creatures vanquished.

Notes
Turn   | Place    | Note
-------+----------+-------------------------------------------
     0 | D:1      | nht the Demonspawn Skald began the quest for the Orb.
     0 | D:1      | Reached XP level 1. HP: 16/16 MP: 3/3
    31 | D:1      | Reached skill level 2 in Axes
   450 | D:1      | Gained mutation: Your flesh is heat resistant. (rF+) [demonic ancestry]
   450 | D:1      | Reached XP level 2. HP: 22/22 MP: 0/5
  1119 | D:2      | Reached skill level 3 in Axes
  1330 | D:2      | Reached XP level 3. HP: 27/27 MP: 3/6
  1376 | D:2      | Noticed a sky beast
  1383 | D:2      | Slain by a sky beast

Skill      XL: |  1  2 |
---------------+-------+-----
Axes           | 2 3 |  3.2
Fighting       | |  2.0
Armour         | |  0.8
Dodging        | |  1.7
Spellcasting   | |  2.0
Charms         | |  2.6

Action                   || total
-------------------------++-------
Melee: Hand axe          ||    72
 Cast: Infusion          ||    25
  Eat: Chunk             ||     2
Armor: Leather armour    ||    12
Dodge: Dodged            ||    54
